 Dungeon Sprint DCSS version 0.31-a0-18-gea43df2a32 (webtiles) character file.

Game seed: 14259804162621066110

5361 sircluck the Brawler (level 10, -10/77 HPs)
             Began as a Troll Berserker on May 9, 2023.
             Was a High Priest of Trog.
             Shot with an arrow by a centaur warrior (21 damage)
             ... in the Dungeon (Sprint I: "Red Sonja").
             The game lasted 00:04:13 (851 turns).

sircluck the Brawler (Troll Berserker)               Turns: 851, Time: 00:04:14

Health: -10/77     AC:  3    Str: 27      XL:     10   Next: 39%
Magic:  6/6        EV:  8    Int: -5      God:    Trog [*****.]
Gold:   143        SH: 17    Dex:  4 (5)  Spells: 9/9 levels left

rFire   x .          .
                       - Unarmed
rCold   x x .        c - +10 tower shield of Ignorance {rN+ Int-4}
rNeg    + . .        a - +0 animal skin
rPois   .            (helmet restricted)
rElec   .            (no cloak)
rCorr   .            (gloves unavailable)
SInv    .            (boots unavailable)
Will    .....        (no amulet)
Stlth   +            (no ring)
HPRegen 1.12/turn    (no ring)
MPRegen 0.10/turn

%: no teleportation, random rage (3%)
@: slowed, lost intelligence, unable to read, unable to drink, very slow
A: large, unfitting armour, claws 3, regeneration 1, shaggy fur 1, tough skin 1,
berserk 1, clumsy 2, deformed body, deterioration 2, dopey 2, frail 3, low MP 3,
screaming 2, weak 2, cold vulnerability 2, heat vulnerability 1, subdued magic
2, inability to drink after injury 2, inability to read after injury 2
a: Renounce Religion, Berserk, Trog's Hand, Brothers in Arms


You were in the Dungeon.
You worshipped Trog.
Trog was extremely pleased with you.
You visited 1 branch You collected 715 gold pieces.
You spent 572 gold pieces at shops.

Inventory:

Armour
 a - a +0 animal skin (worn)
 c - the +10 tower shield of Ignorance (worn) {rN+ Int-4}
   (You acquired it in the Dungeon)

   Int:       It affects your intelligence (-4).
   rN:        It protects you from negative energy.
Wands
 h - a wand of flame (6)
Scrolls
 g - a scroll of immolation (quivered) {unknown}
Potions
 b - 3 potions of curing
 d - a potion of haste
 e - 2 potions of magic
 f - a potion of berserk rage


   Skills:
 + Level 10.5 Fighting
 + Level 11.1 Dodging
 + Level 2.0 Stealth
 + Level 17.0 Unarmed Combat
 + Level 3.3 Evocations


You had 9 spell levels left.
You didn't know any spells.
Your spell library was empty.

Dungeon Overview and Level Annotations

Branches:
Dungeon (1/1)

Altars:
Cheibriados
Dithmenos
Elyvilon
Fedhas
Gozag
Hepliaklqana
Kikubaaqudgha
Makhleb
Nemelex Xobeh
Okawaru
Qazlal
Ru
Sif Muna
Trog
Uskayaw
Vehumet
Wu Jian
Xom
Yredelemnul
Zin
The Shining One
Jiyva
Lugonu

Shops:
D *?(**=


Innate Abilities, Weirdness & Mutations

You are too large for most types of armour.
You have claws for hands.
Your natural rate of healing is unusually fast.
You are covered in fur. (AC +1)
You have tough skin. (AC +1)
You sometimes lose your temper in combat.
You are very clumsy. (Dex -4)
Armour fits poorly on your strangely shaped body.
Your body often deteriorates upon taking damage.
You are very dopey. (Int -4)
You are extremely frail. (-30% HP)
Your magical capacity is extremely low. (-30% MP)
You frequently scream uncontrollably at your foes.
You are very weak. (Str -4)
You are very vulnerable to cold. (rC--)
You are vulnerable to heat. (rF-)
Your spells are easier to cast, but less powerful.
You sometimes lose the ability to drink potions when taking damage.
You sometimes lose the ability to read scrolls when taking damage.


Message History

There is a huge open gate here.
There is a huge open gate here.
There is an open door here.
There is an open door here.
You open the door.
There is an open door here.
You enter the shallow water.
No target in view!
No target in view!
No target in view!
No target in view!
No target in view!
No target in view!
No target in view!
No target in view!
No target in view!
No target in view!
No target in view!
No target in view!
No target in view!
The centaur warrior shouts!
The centaur warrior wields a +0 longbow.
The centaur warrior shoots an arrow.
The arrow hits you!!
The centaur warrior wields a +0 shortbow.
The centaur warrior shoots an arrow.
The arrow hits you!
You feel threatened and lose the ability to read scrolls!
The centaur warrior shoots an arrow.
The arrow hits you!!
You feel threatened and lose the ability to drink potions!
* * * LOW HITPOINT WARNING * * *
The centaur warrior shoots an arrow.
The arrow hits you!
* * * LOW HITPOINT WARNING * * *
Your body deteriorates!
You feel clumsy.
Aiming: Throw Flame
Press: ? - help, Q - select action, (/) - cycle Shift-Dir - straight line, f - centaur warrior
Aim: a centaur warrior, wielding a +0 longbow (79% to hit)
The puff of flame hits the centaur warrior.
The centaur warrior is lightly wounded.
The centaur warrior shoots an arrow.
You block the arrow.
The centaur warrior shoots an arrow.
The arrow hits you!!
You die...

########################
.#..)..#..'..#__#..'...#
.').#..').#..'..'..#...#
.#####'#####'#__####...+
.####..#...#.####$§#####
.#__####..##)#§§§§c#
.#_____##'#_.'§§@§§+
⌠#_.∩..)'.)._#§§§§c#
##_..__##_.#+##+####
#_____###'#
##########.##
........'...+
#)'''####...#
......####.###
.......#.#'#.#


You could see 2 centaur warriors.

Vanquished Creatures
  Sonja (D)
  8 shining eyes (D)
  2 kobold demonologists (D)
  A slime creature (D)
  Sigmund (D)
  A yak (D)
  5 floating eyes (D)
  An ogre (D)
  A jelly (D)
  Ijyb (D)
22 creatures vanquished.

Vanquished Creatures (others)
  2 ballistomycete spores (D)
2 creatures vanquished.

Grand Total: 24 creatures vanquished

Notes
Turn   | Place    | Note
-------+----------+-------------------------------------------
     0 | D        | sircluck the Troll Berserker began the quest for the Orb.
     0 | D        | Reached XP level 1. HP: 22/22 MP: 0/0
     1 | D        | Noticed Ijyb
     8 | D        | Killed Ijyb
     9 | D        | Reached skill level 4 in Unarmed Combat
     9 | D        | Reached XP level 2. HP: 27/31 MP: 1/1
    16 | D        | Noticed an ogre
    18 | D        | HP: 1/31 [ogre/+0 giant club (30)]
    21 | D        | Killed an ogre
    22 | D        | Reached skill level 6 in Unarmed Combat
    22 | D        | Reached XP level 3. HP: 5/41 MP: 2/2
    22 | D        | Reached XP level 4. HP: 6/49 MP: 3/3
    73 | D        | Noticed Sigmund
    80 | D        | Killed Sigmund
    80 | D        | Reached ** piety under Trog
    81 | D        | Reached skill level 8 in Unarmed Combat
    81 | D        | Reached XP level 5. HP: 48/59 MP: 4/4
   104 | D        | Found an ornate altar of the Wu Jian Council.
   104 | D        | Found a shimmering blue altar of Sif Muna.
   107 | D        | Found a radiant altar of Vehumet.
   110 | D        | Reached XP level 6. HP: 65/68 MP: 5/5
   116 | D        | Noticed a centaur warrior
   116 | D        | Noticed a centaur warrior
   133 | D        | Found Qass's General Store.
   133 | D        | Found an ancient bone altar of Kikubaaqudgha.
   133 | D        | Found a hazy altar of Hepliaklqana.
   133 | D        | Found a hide-covered altar of Uskayaw.
   133 | D        | Found a basalt altar of Yredelemnul.
   133 | D        | Found an opulent altar of Gozag.
   133 | D        | Found a snail-covered altar of Cheibriados.
   133 | D        | Found a sacrificial altar of Ru.
   133 | D        | Found a shadowy altar of Dithmenos.
   133 | D        | Noticed a yak
   143 | D        | Killed a yak
   144 | D        | Reached skill level 9 in Unarmed Combat
   144 | D        | Found a stormy altar of Qazlal.
   144 | D        | Found a blossoming altar of Fedhas.
   144 | D        | Found a bloodstained altar of Trog.
   144 | D        | Found an iron altar of Okawaru.
   144 | D        | Found a glowing golden altar of the Shining One.
   144 | D        | Found a glowing silver altar of Zin.
   144 | D        | Found a white marble altar of Elyvilon.
   145 | D        | Found a sparkling altar of Nemelex Xobeh.
   189 | D        | Found a burning altar of Makhleb.
   189 | D        | Found a viscous altar of Jiyva.
   189 | D        | Found a shimmering altar of Xom.
   189 | D        | Found a corrupted altar of Lugonu.
   189 | D        | Noticed a slime creature
   198 | D        | Killed a slime creature
   198 | D        | Reached *** piety under Trog
   199 | D        | Reached skill level 10 in Unarmed Combat
   199 | D        | Reached XP level 7. HP: 43/78 MP: 6/6
   232 | D        | Noticed a kobold demonologist
   233 | D        | Noticed a kobold demonologist
   234 | D        | Noticed an ice devil
   235 | D        | Noticed a ynoxinul
   241 | D        | Reached skill level 1 in Evocations
   267 | D        | Noticed an orange demon
   269 | D        | Killed a kobold demonologist
   270 | D        | Reached skill level 11 in Unarmed Combat
   275 | D        | Killed a kobold demonologist
   275 | D        | Reached **** piety under Trog
   276 | D        | Reached skill level 12 in Unarmed Combat
   276 | D        | Reached XP level 8. HP: 25/89 MP: 7/7
   333 | D        | Noticed Sonja
   344 | D        | Killed Sonja
   345 | D        | Reached skill level 13 in Unarmed Combat
   578 | D        | Found Igaeba's General Store.
   604 | D        | Bought a scroll of acquirement for 572 gold pieces
   604 | D        | Acquired the +10 tower shield of Ignorance {rN+ Int-4}
   604 | D        | Found the +10 tower shield of Ignorance {rN+ Int-4}
   611 | D        | Lost intelligence.
   738 | D        | Noticed a shining eye
   738 | D        | Noticed a shining eye
   738 | D        | Noticed a shining eye
   739 | D        | Gained mutation: Your spells are a little easier to cast,
                  | but a little less powerful. [a shining eye]
   741 | D        | Noticed a shining eye
   741 | D        | Noticed a shining eye
   741 | D        | Noticed a shining eye
   741 | D        | Gained mutation: You are dopey. (Int -2) [a shining eye]
   742 | D        | Reached ***** piety under Trog
   742 | D        | Gained mutation: You are frail. (-10% HP) [a shining eye]
   742 | D        | Gained mutation: Armour fits poorly on your strangely
                  | shaped body. [a shining eye]
   743 | D        | Reached XP level 9. HP: 88/88 MP: 8/8
   743 | D        | Gained mutation: You are clumsy. (Dex -2) [a shining eye]
   744 | D        | Paralysed by a floating eye for 3 turns
   744 | D        | Gained mutation: You occasionally lose the ability to read
                  | scrolls when taking damage. [a shining eye]
   744 | D        | Gained mutation: Potions are less effective at restoring
                  | your health. [a shining eye]
   745 | D        | Gained mutation: You are weak. (Str -2) [a shining eye]
   745 | D        | Gained mutation: You occasionally lose the ability to drink
                  | potions when taking damage. [a shining eye]
   747 | D        | Killed a shining eye
   748 | D        | Reached skill level 1 in Stealth
   748 | D        | Reached skill level 14 in Unarmed Combat
   748 | D        | Paralysed by a floating eye for 3 turns
   748 | D        | Gained mutation: Your spells are easier to cast, but less
                  | powerful. [a shining eye]
   748 | D        | Gained mutation: Your body sometimes deteriorates upon
                  | taking damage. [a shining eye]
   750 | D        | Gained mutation: You are vulnerable to cold. (rC-) [a
                  | shining eye]
   750 | D        | Gained mutation: You are very frail. (-20% HP) [a shining
                  | eye]
   752 | D        | Paralysed by a floating eye for 4 turns
   753 | D        | Gained mutation: You sometimes lose your temper in combat.
                  | [a shining eye]
   754 | D        | Gained mutation: Your body often deteriorates upon taking
                  | damage. [a shining eye]
   756 | D        | Killed a shining eye
   757 | D        | Reached skill level 10 in Dodging
   757 | D        | Gained mutation: Your magical capacity is low. (-10% MP) [a
                  | shining eye]
   757 | D        | Gained mutation: You occasionally shout uncontrollably at
                  | your foes. [a shining eye]
   758 | D        | Gained mutation: You are extremely frail. (-30% HP) [a
                  | shining eye]
   758 | D        | Lost mutation: Potions are less effective at restoring your
                  | health. [a shining eye]
   758 | D        | Gained mutation: You are very weak. (Str -4) [a shining
                  | eye]
   759 | D        | Gained mutation: You are very dopey. (Int -4) [a shining
                  | eye]
   759 | D        | Paralysed by a floating eye for 4 turns
   759 | D        | Gained mutation: You sometimes lose the ability to read
                  | scrolls when taking damage. [a shining eye]
   760 | D        | Gained mutation: You sometimes lose the ability to drink
                  | potions when taking damage. [a shining eye]
   763 | D        | Killed a shining eye
   763 | D        | Received a gift from Trog
   763 | D        | Lost mutation: Your spells are easier to cast, but less
                  | powerful. [a shining eye]
   764 | D        | Reached skill level 10 in Fighting
   764 | D        | Reached skill level 15 in Unarmed Combat
   764 | D        | Gained mutation: You are very clumsy. (Dex -4) [a shining
                  | eye]
   764 | D        | Gained mutation: Your magical capacity is very low. (-20%
                  | MP) [a shining eye]
   766 | D        | Paralysed by a floating eye for 3 turns
   767 | D        | Gained mutation: Your magical capacity is extremely low.
                  | (-30% MP) [a shining eye]
   770 | D        | Killed a shining eye
   770 | D        | Lost mutation: You are vulnerable to cold. (rC-) [a shining
                  | eye]
   771 | D        | Paralysed by a floating eye for 4 turns
   773 | D        | Gained mutation: You frequently scream uncontrollably at
                  | your foes. [a shining eye]
   775 | D        | Killed a shining eye
   776 | D        | Reached XP level 10. HP: 77/77 MP: 6/6
   777 | D        | Paralysed by a floating eye for 3 turns
   777 | D        | Gained mutation: You are vulnerable to cold. (rC-) [a
                  | shining eye]
   782 | D        | Killed a shining eye
   783 | D        | Reached skill level 16 in Unarmed Combat
   784 | D        | Paralysed by a floating eye for 4 turns
   792 | D        | Noticed a shining eye
   792 | D        | Noticed a shining eye
   792 | D        | Gained mutation: You are vulnerable to heat. (rF-) [a
                  | shining eye]
   792 | D        | Gained mutation: You are very vulnerable to cold. (rC--) [a
                  | shining eye]
   793 | D        | Gained mutation: Your spells are easier to cast, but less
                  | powerful. [a shining eye]
   799 | D        | Killed a shining eye
   801 | D        | Killed a shining eye
   801 | D        | Received a gift from Trog
   802 | D        | Reached skill level 17 in Unarmed Combat
   809 | D        | Found Emiprualeo's General Store.
   809 | D        | Found Qymal's Magic Scroll Shoppe.
   809 | D        | Found Imameghy's Jewellery Boutique.
   809 | D        | Found Tunang's Weapon Emporium.
   851 | D        | Shot with an arrow by a centaur warrior

Illustrated notes

Levels and vault maps discovered:
D:        dungeon_sprint_1 [red_sonja_temple_1, red_sonja_temple_small_1]

Skill      XL: |  1  2  3  4  5  6  7  8  9 10 |
---------------+-------------------------------+-----
Fighting       | 3 4 6 7 8 9 10 | 10.5
Dodging        | 3 4 6 7 8 9 10 11 | 11.1
Unarmed Combat | 4 6 8 10 12 13 15 17 | 17.0
Evocations     | 1 2 3 |  3.3
Stealth        | 1 2 |  2.0

Action                     |  1- 3 |  4- 6 |  7- 9 | 10-12 || total
---------------------------+-------+-------+-------+-------++-------
  Melee: Unarmed           |    10 |    25 |    49 |    14 ||    98
         Punch             |     1 |       |     2 |       ||     3
 Invoke: Berserk           |       |       |     1 |       ||     1
  Evoke: Wand              |     1 |     2 |     3 |     1 ||     7
    Use: Scroll            |       |       |     2 |       ||     2
         Potion            |       |       |     3 |       ||     3
 Armour: Animal skin       |       |     1 |     7 |       ||     8
  Dodge: Dodged            |     4 |     5 |    13 |       ||    22
  Block: Tower shield      |       |       |       |     1 ||     1

Table legend: (Time is in decaauts)
 A = Elapsed time spent in this place.
 B = Non-inter-level travel time spent in this place.
 C = Inter-level travel time spent in this place.
 D = Time resting spent in this place.
 E = Time spent auto-exploring this place.
 F = Levels seen in this place.
 G = Mean time per level.
                   A        B        C        D        E       F      G
               +--------+--------+--------+--------+--------+-----+--------+
         Total |    957 |    861 |     96 |    325 |    240 |   1 |  957.0 |
       Dungeon |    957 |    861 |     96 |    325 |    240 |   1 |  957.0 |
               +--------+--------+--------+--------+--------+-----+--------+

Top non-repeatable levels by time:
       D: 957 daAuts
